 Dungeon Crawl Stone Soup version 0.21-a0-401-g0b6bec4 (webtiles) character file.

1363 Reeee the Transmogrifier (level 8, -3/48 HPs)
             Began as an Octopode Transmuter on Oct 22, 2017.
             Slain by an orc warrior
             ... wielding a +0 hand axe
              (21 damage)
             ... on level 5 of the Dungeon.
             The game lasted 00:17:49 (7236 turns).

Reeee the Transmogrifier (Octopode Transmuter)      Turns: 7236, Time: 00:17:50

Health: -3/48      AC:  2    Str: 12    XL:     8   Next: 64%
Magic:  7/14       EV: 24    Int: 15    God:
Gold:   194        SH:  0    Dex: 20    Spells: 1/16 levels left

rFire    . . .     SeeInvis .     - Unarmed
rCold    . . .     Gourm    .   (shield currently unavailable)
rNeg     . . .     Faith    +   (helmet currently unavailable)
rPois    x         Spirit   .   i - amulet of faith
rElec    .         Reflect  .   k - ring of stealth
rCorr    .         Harm     .   p - +3 ring of strength
MR       .....                  t - ring of wizardry
Stlth    +++.......             (no ring)
HPRegen  0.16/turn              (no ring)
MPRegen  0.14/turn              (no ring)
                                (no ring)
                                (no ring)

@: spider-form (expiring)
A: almost no armour, stealthy swim, (amphibious), 8 rings, (constrict 8)
a: End Transformation


You were on level 5 of the Dungeon.
You were not hungry.
You were a venomous arachnid creature.
You visited 1 branch of the dungeon, and saw 5 of its levels.
You also visited: Sewer and Ossuary.

You collected 194 gold pieces.

Inventory:

Missiles
 a - 40 arrows
 l - 2 throwing nets (quivered)
Jewellery
 i - an amulet of faith (around neck)
 k - a ring of stealth (left front leg)
 p - a +3 ring of strength (right front leg)
 t - a ring of wizardry (on tentacle)
Wands
 s - a wand of confusion (27/48)
Scrolls
 m - a scroll of enchant armour
 q - 3 scrolls of recharging
 r - 2 scrolls of teleportation
 x - a scroll of remove curse {unknown}
 y - a scroll of amnesia {unknown}
 A - a scroll of random uselessness {unknown}
 B - 2 scrolls of identify
 C - a scroll of blinking {unknown}
Potions
 e - 7 potions of curing
 g - 3 potions of heal wounds
 h - 3 potions of brilliance
 j - 2 potions of invisibility
 n - 3 potions of agility
 o - a potion of mutation
 u - a potion of ambrosia
 v - a potion of haste {unknown}
 w - 3 potions of might {unknown}
Books
 b - a book of Changes

   Spells                             Type                      Level
   a - Beastly Appendage              Transmutation                1
   b - Sticks to Snakes               Transmutation                2
   c - Spider Form                    Transmutation/Poison         3
   d - Ice Form                       Ice/Transmutation            4
   e - Blade Hands                    Transmutation                5
Comestibles
 c - 2 bread rations
 d - a meat ration
 f - 4 royal jellies


   Skills:
 - Level 1.0 Fighting
 - Level 5.2 Dodging
 + Level 3.0 Unarmed Combat
 - Level 4.5 Spellcasting
 - Level 8.1 Transmutations


You had one spell level left.
You knew the following spells:

 Your Spells              Type           Power        Failure   Level  Hunger
a - Beastly Appendage     Tmut           ####..       1%          1    None
b - Sticks to Snakes      Tmut           ####....     1%          2    ##.....
c - Spider Form           Tmut/Pois      ###.......   10%         3    ###....
d - Ice Form              Ice/Tmut       ###.....     26%         4    ####...
e - Blade Hands           Tmut           ####......   16%         5    ######.


Dungeon Overview and Level Annotations

Branches:
Dungeon (5/15)
 Temple: D:4-7

Altars:
Ashenzari
Dithmenos
Uskayaw
Wu Jian

Shops:
D:4 ([(


Innate Abilities, Weirdness & Mutations

You cannot wear most types of armour.
You are very stealthy in the water. (Stealth+)
((You are amphibious.))
You can wear up to eight rings at the same time.
((You can use your tentacles to constrict eight enemies at once.))
((Your skin changes colour to match your surroundings (Stealth+).))
((Your rubbery body absorbs attacks. (AC +1, EV +1)))


Message History

Your ball python dies!
The orc warrior hits your adder with a hand axe!
Your adder dies!
Things that are here:
a club; a leather armour
Casting: Sticks to Snakes
Confirm with . or Enter, or press ? or * to list all spells.
You turn into a venomous arachnid creature.
You closely miss the orc warrior.
The orc warrior hits you with a hand axe!
You hit the orc warrior but do no damage.
The orc warrior is poisoned.
The orc warrior hits you with a hand axe.
The orc warrior misses you.
Your transformation is almost over.
There is a large open door here.
You barely miss the orc warrior.
The orc warrior is moderately wounded.
The orc warrior hits you with a hand axe!!
You die...

..# #.# ## #.# #. #.# # # #.
###.######.# #. ########
########<.......#.###.
.......#####.....##.#..........#.
.#####.......##o'##.#...##.###.#.
.#####......##..s.###......# #...
.##........##......###.....###.##
....##.....#..♣)♣♣..##..#......#
.#####...<.#...8.♣..#...)...####
...).......#..♣.8...#####...#
######.....#..♣♣.♣..# #...#
########......## #...#
####.....##....## #...#####
#.....################[.......


You could see an orc warrior.

Vanquished Creatures
  Grinder (D:5)
  Menkaure (Ossuary)
  2 sky beasts (D:5)
  2 big kobolds (Sewer)
  A scorpion (D:5)
  3 hounds
  2 orc priests
  A centaur skeleton (D:4)
  3 worker ants
  4 orc wizards
  A hound skeleton (D:4)
  A mummy (Ossuary)
  4 gnolls
  9 adders
  4 river rats (Sewer)
  2 oozes
  An adder skeleton (D:4)
  6 worms
  3 dart slugs
  2 leopard geckos (D:3)
  22 orcs
  3 giant cockroaches
  A gnoll zombie (Ossuary)
  9 goblins
  9 hobgoblins
  22 kobolds
  4 quokkas
  6 ball pythons
  16 bats
  14 frilled lizards
  4 gnoll skeletons (Ossuary)
  4 goblin skeletons (Ossuary)
  3 goblin zombies (Ossuary)
  A hobgoblin zombie (Ossuary)
  A kobold skeleton (Ossuary)
  3 kobold zombies (Ossuary)
  An orc skeleton (Ossuary)
  An orc zombie (Ossuary)
  A quokka skeleton (D:5)
  28 rats
  2 rat skeletons (Ossuary)
  5 rat zombies (Ossuary)
213 creatures vanquished.

Vanquished Creatures (collateral kills)
  A mummy (Ossuary)
  A goblin skeleton (Ossuary)
  An orc skeleton (Ossuary)
3 creatures vanquished.

Vanquished Creatures (others)
  A mummy (Ossuary)
  A gnoll zombie (Ossuary)
  2 goblin skeletons (Ossuary)
  3 goblin zombies (Ossuary)
  3 hobgoblin skeletons (Ossuary)
  3 kobold skeletons (Ossuary)
  2 kobold zombies (Ossuary)
  3 orc zombies (Ossuary)
  3 rat skeletons (Ossuary)
  2 rat zombies (Ossuary)
23 creatures vanquished.

Grand Total: 239 creatures vanquished

Notes
Turn   | Place    | Note
-------+----------+-------------------------------------------
     0 | D:1      | Reeee the Octopode Transmuter began the quest for the Orb.
     0 | D:1      | Reached XP level 1. HP: 13/13 MP: 3/3
   132 | D:1      | Reached XP level 2. HP: 11/18 MP: 5/5
   313 | D:1      | Learned a level 2 spell: Sticks to Snakes
   328 | D:1      | Reached skill level 3 in Transmutations
   425 | D:1      | Reached XP level 3. HP: 10/23 MP: 4/6
   658 | D:1      | Learned a level 3 spell: Spider Form
  1093 | D:1      | Reached skill level 4 in Transmutations
  1369 | D:2      | Reached XP level 4. HP: 27/28 MP: 0/7
  1489 | D:2      | Found a shattered altar of Ashenzari.
  1694 | D:2      | Reached skill level 5 in Transmutations
  1747 | D:2      | Reached XP level 5. HP: 33/33 MP: 8/8
  2252 | D:3      | Found a glowing drain.
  2331 | Sewer    | Entered a sewer
  2399 | Sewer    | Noticed a big kobold
  2415 | Sewer    | Killed a big kobold
  2415 | Sewer    | Reached skill level 6 in Transmutations
  2415 | Sewer    | Reached XP level 6. HP: 5/38 MP: 5/9
  3230 | Sewer    | Learned a level 4 spell: Ice Form
  3631 | D:3      | Reached XP level 7. HP: 42/43 MP: 9/12
  4378 | D:3      | Found an ornate altar of the Wu Jian Council.
  4387 | D:3      | Found a shadowy altar of Dithmenos.
  4392 | D:3      | Found a hide-covered altar of Uskayaw.
  5073 | D:4      | Found Eskiuj's Weapon Boutique.
  5140 | D:4      | Found a sand-covered staircase.
  5148 | Ossuary  | Entered an ossuary
  5591 | Ossuary  | Reached skill level 7 in Transmutations
  5654 | Ossuary  | Noticed Menkaure
  5663 | Ossuary  | Killed Menkaure
  5753 | Ossuary  | Learned a level 5 spell: Blade Hands
  5855 | D:4      | Found Haullyfe's Armour Shop.
  6095 | D:4      | Found Giobyor's Antique Weapon Shoppe.
  6444 | D:5      | Entered Level 5 of the Dungeon
  6468 | D:5      | Reached XP level 8. HP: 48/48 MP: 8/14
  6638 | D:5      | Reached skill level 8 in Transmutations
  7128 | D:5      | Noticed Grinder
  7152 | D:5      | Killed Grinder
  7152 | D:5      | Reached skill level 5 in Dodging
  7236 | D:5      | Slain by an orc warrior

Vault maps used:
D:1:      onia_arrival_mini_maze, minmay_misc_feat_diagonals
D:2:      nicolae_ashenzari_panopticon
D:3:      minitemple, cheibrodos_sewer_entry_sluice
D:4:      serial_shops, nicolae_shop_overgrown_old_shop, shop, shop,
          nicolae_ossuary_entry_plus
D:5:      first_bread, minmay_misc_feat_rows, kennysheep_generic_room_3,
          uniq_grinder
Sewer:    sewer_minmay_treatment
Ossuary:  ossuary_due_pyramid

Skill      XL: |  1  2  3  4  5  6  7  8 |
---------------+-------------------------+-----
Transmutations | 3 4 5 6 7 8 |  8.1
Spellcasting   | 3 4 |  4.5
Dodging        | 5 |  5.2
Fighting       | |  1.0
Unarmed Combat | |  3.0

Action                   |  1- 3 |  4- 6 |  7- 9 || total
-------------------------+-------+-------+-------++-------
Melee: Unarmed           |    91 |   223 |   229 ||   543
       Constrict         |    22 |    22 |    32 ||    76
       Tentacles         |    14 |    12 |    20 ||    46
       Kick              |     5 |       |       ||     5
       Punch             |     1 |     1 |     4 ||     6
 Cast: Beastly Appendage |     6 |       |       ||     6
       Spider Form       |     2 |    18 |     9 ||    29
       Sticks to Snakes  |       |       |     9 ||     9
       Blade Hands       |       |       |     9 ||     9
       Ice Form          |       |       |     2 ||     2
  Use: Scroll            |     3 |     5 |     7 ||    15
       Potion            |       |     2 |     2 ||     4
 Stab: Sleeping          |     8 |    11 |     7 ||    26
       Distracted        |       |       |     2 ||     2
  Eat: Chunk             |     2 |    10 |     8 ||    20
       Bread ration      |       |       |     2 ||     2
Armor: Skin              |    11 |    16 |     8 ||    35
Dodge: Dodged            |    69 |   251 |   126 ||   446

Table legend:
 A = Spawn XP
 B = Non-spawn XP
 C = Spawn XP percentage of total XP
 D = Spawn monster count
 E = Non-spawn monster count
 F = Spawn count percentage of total count
 G = Total turns spent on level
                    A         B        C        D         E        F      G
               +---------+---------+-------+---------+---------+-------+---------
         Total |       0 |    1948 |   0.0 |       0 |     206 |   0.0 |  7236
               +---------+---------+-------+---------+---------+-------+---------
           D:1 |       0 |      75 |   0.0 |       0 |      32 |   0.0 |  1302
           D:2 |       0 |     103 |   0.0 |       0 |      27 |   0.0 |   998
           D:3 |       0 |     293 |   0.0 |       0 |      48 |   0.0 |  1403
           D:4 |       0 |     271 |   0.0 |       0 |      12 |   0.0 |  1042
           D:5 |       0 |     766 |   0.0 |       0 |      18 |   0.0 |   698
         Sewer |       0 |     337 |   0.0 |       0 |      48 |   0.0 |  1147
       Ossuary |       0 |     103 |   0.0 |       0 |      21 |   0.0 |   646
               +---------+---------+-------+---------+---------+-------+---------
